 Dungeon Crawl Stone Soup version 0.29-a0-100-g60f898f876 (webtiles) character file.

Game seed: 5704486626936475817

50 cyrus the Poker (level 3, -3/29 HPs)
             Began as a Merfolk Fighter on Feb 14, 2022.
             Was a Follower of Fedhas.
             Slain by an adder (4 damage)
             ... on level 2 of the Dungeon.
             The game lasted 00:03:31 (1236 turns).

cyrus the Poker (Merfolk Fighter)                   Turns: 1236, Time: 00:03:34

Health: -3/29      AC: 10    Str: 16    XL:     3   Next: 79%
Magic:  3/3        EV:  6    Int:  9    God:    Fedhas [*.....]
Gold:   116        SH:  5    Dex: 13    Spells: 2/2 levels left

rFire   . . .      SeeInvis .   a - +0 trident
rCold   . . .      Faith    .   c - +0 buckler
rNeg    . . .      Spirit   .   i - +0 chain mail
rPois   .          Reflect  .   j - +0 helmet
rElec   .          Harm     .   (no cloak)
rCorr   .          Rampage  .   (no gloves)
Will    .....                   (no boots)
Stlth   ..........              (no amulet)
HPRegen 0.09/turn               (no ring)
MPRegen 0.08/turn               (no ring)

@: mighty
A: (nimble swimmer 2), mertail
a: Renounce Religion


You were on level 2 of the Dungeon.
You worshipped Fedhas.
Fedhas was aware of your devotion.
You visited 1 branch of the dungeon, and saw 2 of its levels.

You collected 116 gold pieces.

Inventory:

Hand Weapons
 a - a +0 trident (weapon)
Armour
 b - a +0 scale mail
 c - a +0 buckler (worn)
 i - a +0 chain mail (worn)
 j - a +0 helmet (worn)
Scrolls
 e - a scroll of teleportation {unknown}
 g - a scroll of amnesia {unknown}
 h - a scroll of magic mapping {unknown}
 k - a scroll of vulnerability {unknown}
Potions
 f - 2 potions of flight {unknown}


   Skills:
 + Level 3.5 Fighting
 + Level 3.8 Polearms
 + Level 2.6 Armour
 + Level 0.8 Dodging
 + Level 0.2 Stealth
 + Level 3.4 Shields


You had 2 spell levels left.
You didn't know any spells.
Your spell library contained the following spells:

 Spells                   Type           Power      Damage    Failure   Level
 Magic Dart               Conj           0%         1d3       100%        1
 Call Imp                 Summ           0%         N/A       100%        2
 Mephitic Cloud           Conj/Pois/Air  0%         N/A       100%        3


Dungeon Overview and Level Annotations

Branches:
Dungeon (2/15)

Altars:
Fedhas

Shops:
D:1 [


Innate Abilities, Weirdness & Mutations

((You are very nimble when in or above water. (Stealth+, EV+, Speed+++)))
Your lower body shifts to a powerful aquatic tail in water.


Message History

You see here a hobgoblin corpse.
You closely miss the adder. The adder closely misses you.
The rat closely misses you.
You barely miss the adder. You block the adder's attack.
The rat barely misses you. The adder bites you.
You are poisoned.
The adder poisons you!
You hit the adder but do no damage.
You feel sick. The adder bites you.
You are more poisoned.
The adder poisons you! The rat bites you but does no damage.
You barely miss the adder.
You feel very sick. The adder bites you. The rat bites you.
The adder bites you but does no damage.
You feel sick. The rat bites you but does no damage.
You hit the adder.
The adder is lightly wounded.
You feel sick. The adder barely misses you. The rat barely misses you.
The adder closely misses you.
You closely miss the adder.
The adder is lightly wounded.
You feel sick. You block the rat's attack.
The adder bites you but does no damage. The rat closely misses you.
You feel very mighty all of a sudden.
You feel sick. The adder barely misses you. The rat barely misses you.
You puncture the adder!
The adder is almost dead.
You feel sick. The adder bites you.
* * * LOW HITPOINT WARNING * * *
The adder barely misses you. The rat bites you.
* * * LOW HITPOINT WARNING * * *
* * * LOW HITPOINT WARNING * * *
You feel sick.
You closely miss the adder.
The adder is almost dead.
* * * LOW HITPOINT WARNING * * *
You feel sick.
You are no longer poisoned.
The adder bites you.
You die...
Fedhas appreciates your contribution to the ecosystem.

##.###....###########
.....'....'........>#
##.###....####†####.#
#.# #....# #..†.#
##.# #....#
#.)..##+### ...#
#....# #.........#
####
########....!....#
........r.....!#
.......†S@.....#
......####.....#
...... ##+### ......
#####.


You could see an adder and a rat.

Vanquished Creatures
  A worm (D:2)
  A dart slug (D:1)
  5 endoplasms
  2 giant cockroaches (D:1)
  4 goblins
  9 hobgoblins
  A quokka (D:1)
  3 ball pythons
  4 bats (D:1)
  4 frilled lizards (D:1)
  4 kobolds
  2 rats
40 creatures vanquished.

Notes
Turn   | Place    | Note
-------+----------+-------------------------------------------
     0 | D:1      | cyrus the Merfolk Fighter began the quest for the Orb.
     0 | D:1      | Reached XP level 1. HP: 18/18 MP: 1/1
     2 | D:1      | Found Rodgh's Armour Shoppe.
   157 | D:1      | Reached XP level 2. HP: 24/24 MP: 2/2
   613 | D:1      | Reached XP level 3. HP: 27/29 MP: 3/3
   820 | D:1      | Found a faded altar of an unknown god.
   831 | D:1      | Prayed at the altar of an unknown god.
   831 | D:1      | Became a worshipper of Fedhas Madash
   831 | D:1      | Reached * piety under Fedhas
  1236 | D:2      | HP: 1/29 [poisoned by an adder]
  1236 | D:2      | Slain by an adder

Illustrated notes

Levels and vault maps discovered:
D:1:      amcnicky_arrival_single_pillar, layout_rooms,
          hellmonk_ecumenical_altar_inner_sanctum, serial_shops, shop,
          minmay_pentomino_t4
D:2:      layout_basic, minmay_misc_feat_plants, uniq_robin

Action                   || total
-------------------------++-------
Melee: Trident           ||   125
  Use: Potion            ||     1
Armor: Scale mail        ||    54
       Chain mail        ||    42
Dodge: Dodged            ||    58
Block: Buckler           ||    44

Table legend: (Time is in decaauts)
 A = Elapsed time spent in this place.
 B = Non-inter-level travel time spent in this place.
 C = Inter-level travel time spent in this place.
 D = Time resting spent in this place.
 E = Time spent auto-exploring this place.
 F = Levels seen in this place.
 G = Mean time per level.
                   A        B        C        D        E       F      G
               +--------+--------+--------+--------+--------+-----+--------+
         Total |   1254 |   1254 |      0 |      0 |    816 |   2 |  627.0 |
       Dungeon |   1254 |   1254 |      0 |      0 |    816 |   2 |  627.0 |
               +--------+--------+--------+--------+--------+-----+--------+

Top non-repeatable levels by time:
     D:1: 876 daAuts
     D:2: 378 daAuts
